 Dungeon Crawl Stone Soup version 0.31-a0-1204-ge2c1a860ed (webtiles) character file.

Game seed: 7838798311333056882

692666 Joey1 the Conqueror (level 27, -40/450 HPs)
             Began as a Minotaur Berserker on Oct 20, 2023.
             Was the Champion of the Shining One.
             Annihilated by a stone giant (54 damage)
             ... created by the rage of Trog
             ... while paralysed by accursed screaming
             ... on level 3 of the Abyss on Dec 12, 2023.
             The game lasted 04:45:16 (82586 turns).

Joey1 the Conqueror (Minotaur Berserker)           Turns: 82586, Time: 04:45:17

Health: -40/450    AC: 25    Str: 34 (41) XL:     27
Magic:  36/38      EV:  2    Int:  6 (8)  God:    the Shining One [******]
Gold:   8156       SH:  0    Dex: 12 (15) Spells: 26/26 levels left

rFire   + + +        P - +9 broad axe (holy)
rCold   + + +        R - +2 shield of Resistance {rF++ rC++ Will++}
rNeg    + + +        W - +3 plate armour {rF+}
rPois   +            o - +1 hat {Will+}
rElec   +            s - scarf {rC+ rF+}
rCorr   .            m - +1 pair of gloves of the Falcon {rN+ Dex+2}
SInv    .            D - +0 pair of boots of Fisaj {rElec}
Will    +++++        Q - amulet of Agnosticism {Reflect -Cast +Blink Regen+ SH+5} Stlth
                     j - ring of Xom's Fair Game {rC+ Will+ Str+6 Stlth+}
HPRegen 1.75/turn    N - ring of Owemieg {rElec rPois rF+ Will- Str+6}
MPRegen 0.26/turn

%: no spellcasting, random rage (3%), reflection
@: paralysed, berserking, divinely shielded, glowing, studying Armour
A: horns 2, retaliatory headbutt, robust 1, [berserk 1], [deformed body],
[deterioration 1], [heat vulnerability 2], [subdued magic 2]
}: 4/15 runes: barnacled, slimy, silver, gossamer
a: Renounce Religion, Evoke Blink, Divine Shield, Cleansing Flame, Summon Divine
Warrior


You were on level 3 of the Abyss.
You worshipped the Shining One.
The Shining One was exalted by your worship.
You visited 13 branches of the dungeon, and saw 54 of its levels.
You visited the Abyss 1 time.
You also visited: Ossuary, Bailey and Gauntlet.

You collected 10316 gold pieces.
You spent 2160 gold pieces at shops.

Inventory:

Hand Weapons
 a - a +8 heavy broad axe
 P - a +9 broad axe of holy wrath (weapon)
Missiles
 r - 9 silver javelins
 C - 8 throwing nets
Armour
 m - the +1 pair of gloves of the Falcon (worn) {rN+ Dex+2}
   (You found it on level 3 of the Dungeon)

   Dex+2:     It affects your dexterity (+2).
   rN+:       It protects you from negative energy.
 o - a +1 hat of willpower (worn)
 s - a scarf of resistance (worn)
 t - a +2 pair of gloves of infusion
 D - the +0 pair of boots of Fisaj (worn) {rElec}
   (You acquired it on level 1 of the Spider Nest)

   rElec:     It insulates you from electricity.
 G - a +3 tower shield
 R - the +2 shield of Resistance (worn) {rF++ rC++ Will++}
   (You took it off Asterion on level 2 of the Depths)

   rF++:      It greatly protects you from fire.
   rC++:      It greatly protects you from cold.
   Will++:    It greatly increases your willpower.
 W - a +3 plate armour of fire resistance (worn)
Jewellery
 c - the brooch of Shielding {Spirit SH+8}
   (You found it on level 14 of the Dungeon)

   [amulet of guardian spirit]

   Spirit:    It causes incoming damage to be divided between your reserves of
   health and magic.
   SH+8:      It affects your SH (+8).
 j - the ring of Xom's Fair Game (left hand) {rC+ Will+ Str+6 Stlth+}
   (You found it on level 3 of the Lair of Beasts)

   [ring of strength]

   Str+6:     It affects your strength (+6).
   rC+:       It protects you from cold.
   Will+:     It increases your willpower.
   Stlth+:    It makes you more stealthy.
 k - a +6 ring of intelligence
 I - a ring of resist corrosion
 N - the ring of Owemieg (right hand) {rElec rPois rF+ Will- Str+6}
   (You bought it in a shop on level 2 of the Shoals)

   [ring of protection from fire]

   Str+6:     It affects your strength (+6).
   rF+:       It protects you from fire.
   rElec:     It insulates you from electricity.
   rPois:     It protects you from poison Will-: It decreases your willpower.
 Q - the amulet of Agnosticism (around neck) {Reflect -Cast +Blink Regen+ SH+5}
   (You took it off a deep elf high priest on level 3 of the Elven Halls)

   [amulet of reflection]

   Reflect:   It reflects blocked missile attacks.
   +Blink:    It lets you blink.
   -Cast:     It prevents spellcasting.
   Regen+:    It increases your rate of health regeneration.
   SH+5:      It affects your SH (+5).
 U - the ring of Wusyxar {rElec EV+5}
   (You found it in a Gauntlet)

   [ring of evasion]

   EV+5:      It affects your evasion (+5).
   rElec:     It insulates you from electricity.
 V - the ring "Konn" {rElec rF+ Int+6}
   (You acquired it in a bailey)

   [ring of intelligence]

   Int+6:     It affects your intelligence (+6).
   rF+:       It protects you from fire.
   rElec:     It insulates you from electricity.
Wands
 b - a wand of polymorph (56)
 i - a wand of mindburst (70)
 q - a wand of flame (90)
 y - a wand of digging (17)
 z - a wand of roots (59)
 A - a wand of quicksilver (55)
 K - a wand of charming (78)
Scrolls
 d - 6 scrolls of silence
 f - 6 scrolls of noise
 g - 10 scrolls of fog
 h - 10 scrolls of teleportation
 p - 9 scrolls of poison
 x - 5 scrolls of blinking
 F - 11 scrolls of fear
 J - 8 scrolls of revelation
 Z - 3 scrolls of summoning
Potions
 e - 26 potions of curing
 l - 6 potions of mutation
 u - 5 potions of lignification
 v - 2 potions of magic
 w - 9 potions of ambrosia
 B - 8 potions of attraction
 E - a potion of invisibility
 H - 4 potions of haste
 L - 5 potions of resistance
 O - 4 potions of heal wounds
 S - 6 potions of might
 T - a potion of cancellation
 Y - 7 potions of enlightenment
Miscellaneous
 n - a phial of floods
 M - a phantom mirror
 X - a lightning rod (4/4)


   Skills:
 O Level 27 Fighting
 - Level 22.0 Axes
 - Level 10.0 Throwing
 - Level 25.0 Armour
 - Level 12.0 Dodging
 - Level 22.0 Shields
 + Level 25.7 Invocations
 - Level 15.0 Evocations


You had 26 spell levels left.
You didn't know any spells.
Your spell library contained the following spells:

 Spells                   Type           Power      Damage    Failure   Level
 Inner Flame              Hex/Fire       0%         N/A       98%         3
 Animate Armour           Summ/Erth      0%         N/A       100%        4
 Cause Fear               Hex            0%         N/A       100%        4
 Summon Lightning Spire   Summ/Air       0%         N/A       100%        4
 Fireball                 Conj/Fire      0%         3d3       100%        5
 Lee's Rapid Deconstruct  Erth           0%         3d4*      100%        5
 Yara's Violent Unravell  Hex/Tmut       0%         3d3       100%        5
 Enfeeble                 Hex            0%         N/A       100%        7
 Dragon's Call            Summ           0%         N/A       100%        9


Dungeon Overview and Level Annotations

Branches:
Dungeon (15/15)            Temple (1/1) D:5            Lair (5/5) D:10
 Shoals (4/4) Lair:2       Spider (4/4) Lair:3        Slime (5/5) Lair:4
    Orc (2/2) D:11            Elf (3/3) Orc:2        Vaults (5/5) D:14
  Crypt (3/3) Vaults:2       Tomb (2/3) Crypt:3      Depths (4/4) D:15
   Hell (visited)             Dis (0/7) Hell            Geh (0/7) Hell
    Coc (0/7) Hell            Tar (0/7) Hell            Zot (0/5) Depths:4
Ossuary (visited)          Bailey (visited)         Gauntlet (visited)

Altars:
Ashenzari
Cheibriados
Dithmenos
Elyvilon
Fedhas
Gozag
Hepliaklqana
Kikubaaqudgha
Makhleb
Nemelex Xobeh
Okawaru
Qazlal
Ru
Sif Muna
Trog
Uskayaw
Vehumet
Wu Jian
Xom
Yredelemnul
Zin
The Shining One
Jiyva

Shops:
D:3 :   D:7 *   D:10 !   Orc:2 ?[**   Elf:2 (   Shoals:2 =   Shoals:4 [
Vaults:1 ?   Depths:2 =::   Depths:3 [

Portals:
Hell: Depths:1 Depths:2 Depths:3 Depths:4
Abyss: Depths:3
Pandemonium: Depths:2 Depths:3 Depths:4
Ziggurat: Depths:2

Annotations:
Vaults:1 2 runed translucent doors, Konionua's ghost, adept KoEn
Tomb:2 Khufu
Depths:2 3 runed translucent doors


Innate Abilities, Weirdness & Mutations

You have a pair of horns on your head.
You reflexively headbutt those who attack you in melee.
You are robust. (+10% HP)
[You sometimes lose your temper in combat.]
[Armour fits poorly on your strangely shaped body.]
[Your body sometimes deteriorates upon taking damage.]
[You are very vulnerable to heat. (rF--)]
[Your spells are easier to cast, but less powerful.]


Message History

Unknown command.
You slash the polar bear! You headbutt the polar bear!
You kill the polar bear!
That felt strangely unrewarding.
You slash the deep troll! You slice the stone giant!!
You block the deep troll's attack. The deep troll barely misses you.
You block the deep troll's attack. You block the stone giant's attack.
A chorus of shrieks assaults your mind.
* * * LOW HITPOINT WARNING * * *
You hit the stone giant. You headbutt the stone giant!!
The stone giant is severely wounded.
You slice the deep troll!!
You kill the deep troll!
That felt strangely unrewarding.
You slice the polar bear!!
You kill the polar bear!
That felt strangely unrewarding.
You slice the stone giant!! You block the stone giant's attack.
You hit the stone giant but do no damage.
The stone giant is severely wounded.
You hit the stone giant. You block the stone giant's attack.
A starcursed mass splits. x2
You hit the stone giant.
The stone giant is severely wounded.
You slash the stone giant! You block the stone giant's attack. x2
You slash the stone giant! You headbutt the stone giant.
The stone giant is severely wounded.
You slice the stone giant!!
A deafening chorus of shrieks assaults your mind!
* * * LOW HITPOINT WARNING * * *
You suddenly lose the ability to move!
The stone giant hits you!!!
* * * LOW HITPOINT WARNING * * *
Your body deteriorates!
You feel dopey.
A starcursed mass splits.
The stone giant hits you!
* * * LOW HITPOINT WARNING * * *
A starcursed mass splits.
A starcursed mass splits.
A deafening chorus of shrieks assaults your mind!
* * * LOW HITPOINT WARNING * * *
You shrug off the repeated paralysis!
The stone giant hits you!!!
You die...

#...........##.#
.. #.....#...
.#.# ##..
#####....###..
##..# ## .
....X#X.#...#
##⌠.##.#
#..XXX#⌠### #. #
. #..XX#### 5 #.
...#....# #
...'..CC# ##.
###...@# #X§
.....#..# # .
... ...∩+ φ#.
........# # #
######### #⌠ . #
# # #


You could see 7 starcursed masses and 2 stone giants.

Vanquished Creatures
  the Royal Jelly (Slime:5)
  An ancient lich (Depths:3)
  2 dread liches
  2 juggernauts
  Mara (Depths:2)
  7 royal mummies
  Bai Suzhen (Depths:1)
  Saint Roka (Depths:1)
  2 curse toes (Crypt:3)
  3 caustic shrikes
  Geryon (Hell)
  7 golden dragons
  A profane servitor (Crypt:3)
  The ghost of yetimobile the Ruinous, a veteran TeHW of Jiyva (Depths:3)
  Arachne (Spider:2)
  Jory (Vaults:4)
  3 doom hounds (Hell)
  3 hellephants
  6 tentacled monstrosities
  Jorgrun (Spider:1)
  10 liches
  Asterion (Depths:2)
  A walking crystal tome (Depths:3)
  5 titans
  A walking divine tome (Depths:2)
  3 walking earthen tomes
  6 searing wretches
  17 sphinxes
  2 quicksilver dragons
  2 deep elf master archers (Elf:3)
  2 walking frostbound tomes
  2 deep elf blademasters (Elf:3)
  15 acid blobs
  2 krakens
  11 ancient champions
  Frances (Spider:1)
  2 tentacled starspawn (Abyss:3)
  4 shadow dragons
  The ghost of p00ps00p the Severer, an adept HOFi of Gozag (Spider:1)
  Agnes (Spider:3)
  7 storm dragons
  9 azure jellies
  Roxanne (Spider:2)
  Donald (Shoals:1)
  2 draconian monks
  12 tengu reavers
  A revenant (Crypt:3)
  The ghost of Dinouf the Fighter, an adept DsFE of Vehumet (Lair:3)
  13 rockslimes
  Kirke (Spider:3)
  7 fire giants
  Aizul (Spider:1)
  6 iron dragons
  3 emperor scorpions
  16 frost giants
  5 ghost moths
  22 vault wardens
  7 deep elf sorcerers
  8 deep elf elementalists
  A draconian shifter (Depths:4)
  2 orc warlords
  A juggernaut zombie (Depths:3)
  2 balrugs (Depths:2)
  A cacodemon (Hell)
  4 war gargoyles
  18 ironbound preservers
  2 spriggan defenders (Depths:3)
  5 formless jellyfish
  5 quicksilver oozes (Slime:5)
  4 reapers
  29 stone giants
  26 very ugly things
  2 eleionomae (Shoals:3)
  Azrael (Spider:2)
  4 ironbound thunderhulks
  10 vampire knights
  A minotaur (Gauntlet)
  A black draconian (Depths:4)
  A lorocyproca (Hell)
  5 deep elf annihilators
  21 spark wasps
  11 dire elephants
  2 white draconians (Depths:4)
  8 deep elf demonologists
  A bunyip (shapeshifter) (Depths:1)
  The ghost of Okacus the Covert, a journeyman HuWn of Dithmenos (Lair:3)
  2 eidola (Crypt:3)
  3 red draconians (Depths:4)
  17 ettins
  3 blizzard demons
  2 pearl dragon zombies (Crypt:3)
  2 crystal guardians
  2 green deaths
  The ghost of Biped the Cleaver, a journeyman KoFi of Gozag (Lair:3)
  8 merfolk javelineers
  3 jiangshi
  12 deep elf death magi
  9 mummy priests
  7 deep elf high priests
  7 entropy weavers
  The ghost of Xavori the Covert, a journeyman VSCK of Xom (Lair:3)
  Josephine (D:11)
  12 merfolk impalers
  Fannar (Lair:2)
  A spriggan zombie (Depths:3)
  16 yaktaur captains
  6 rakshasas
  18 fire dragons
  10 ice dragons
  33 vault guards
  4 peacekeepers
  10 great orbs of eyes
  6 ogre magi
  A catoblepas (shapeshifter) (Vaults:5)
  7 ironbound frosthearts
  6 hydras
  2 spriggan air magi
  5 merfolk aquamancers
  A radroach (Spider:4)
  6 jorogumos
  A two-headed ogre (shapeshifter) (Vaults:5)
  3 merfolk avatars
  A stoker (Hell)
  18 two-headed ogres
  3 death knights
  2 catoblepae
  3 alligator snapping turtles
  An anaconda (shapeshifter) (Depths:3)
  A fenstrider witch skeleton (Crypt:1)
  5 satyrs
  10 boulder beetles
  14 deep troll earth magi
  4 centaur warriors
  13 deep troll shamans
  3 vampire magi
  29 death scarabs
  10 tengu warriors
  35 dancing weapons
  5 death yaks (Lair:5)
  4 orc high priests
  14 demonic crawlers
  12 hell hogs
  3 spriggan berserkers
  11 hell knights
  5 sun demons
  2 spriggans (Depths:1)
  27 deep elf knights
  A titan skeleton (Crypt:3)
  6 soul eaters
  14 iron trolls
  3 wretched stars (Abyss:3)
  2 sun moths (Spider:4)
  A fire crab (Lair:5)
  9 pharaoh ants
  A spark wasp zombie (Depths:3)
  42 skeletal warriors
  5 skysharks
  68 deep trolls
  6 sixfirhies
  The ghost of Jeffwins the Magician, a novice AtHW of Vehumet (D:7)
  21 sea snakes
  7 flayed ghosts
  5 glowing orange brains
  16 ironbound convokers
  12 orb spiders
  2 occultists
  16 lindwurms
  A spectral hydra (Gauntlet)
  10 deep elf archers
  A lindwurm (shapeshifter) (Elf:1)
  8 arcanists
  32 harpies
  A wolf spider zombie (Crypt:3)
  An anaconda skeleton (Tomb:2)
  7 steelbarb worms
  A tengu zombie (Depths:3)
  The ghost of mortress the Changeling, a novice DrSh of Cheibriados (D:7)
  9 phantasmal warriors
  14 necromancers
  13 orc knights
  5 orc sorcerers
  15 wolf spiders
  An iron dragon zombie (Crypt:1)
  2 oklob plants (Spider:1)
  28 deep elf pyromancers
  2 shadow dragon skeletons
  37 deep elf zephyrmancers
  11 cyclopes
  5 shining eyes
  21 manticores
  A salamander (shapeshifter) (D:13)
  12 fauns
  A stone giant zombie (Depths:1)
  34 ugly things
  6 merfolk sirens
  5 elephants (Lair:3)
  4 apis skeletons (Crypt:3)
  A worldbinder (Abyss:3)
  4 moths of wrath
  A stone giant skeleton (Vaults:3)
  A human skeleton (Vaults:3)
  A rust devil (Hell)
  2 molten gargoyles (Lair:5)
  2 smoke demons
  9 water nymphs
  17 vault sentinels
  A centaur zombie (Crypt:2)
  11 black mambas
  2 orange demons
  Joseph (D:10)
  7 torpor snails
  An eye of devastation (Slime:3)
  A grey draconian zombie (Crypt:1)
  10 cane toads
  2 naga skeletons
  Maggie (D:10)
  2 hellions (Depths:4)
  10 komodo dragons
  5 kobold demonologists
  58 yaktaurs
  Jeremiah (D:8)
  3 large abominations (Abyss:3)
  A pale draconian zombie (Crypt:2)
  2 rime drakes
  An efreet (D:9)
  7 tengu conjurers
  28 guardian mummies
  7 freezing wraiths
  A purple draconian skeleton (Crypt:2)
  A golden dragon simulacrum (Depths:3)
  4 ice devils
  A red devil (Hell)
  16 trolls
  7 polar bears
  4 meliai
  A harpy zombie (Crypt:3)
  A jumping spider zombie (Crypt:2)
  3 wind drakes
  5 glass eyes
  A raiju (Abyss:3)
  A satyr zombie (Crypt:3)
  10 hornets
  8 snapping turtles
  34 tarantellas
  14 merfolk
  8 dream sheep
  A dream sheep (shapeshifter) (Elf:3)
  An iron dragon simulacrum (Crypt:2)
  Prince Ribbit (D:8)
  A glass eye (shapeshifter) (Vaults:5)
  18 blink frogs
  A slime creature (shapeshifter) (Vaults:5)
  34 jumping spiders
  20 culicivoras
  A spectral black mamba (Gauntlet)
  71 slime creatures
  14 water elementals
  6 air elementals
  9 flying skulls
  A shadow (D:9)
  60 yaks
  A wyvern (shapeshifter) (Vaults:5)
  9 wyverns
  An ettin skeleton (Crypt:1)
  5 spriggan skeletons
  3 ynoxinuls
  10 wraiths
  A dire elephant simulacrum (Hell)
  11 starcursed masses (Abyss:3)
  7 ushabtiu
  10 basilisks
  4 fire elementals
  3 steam dragons
  A spriggan simulacrum (Depths:1)
  A golden eye (Abyss:3)
  4 hogs (Spider:3)
  45 redbacks
  Grum (D:8)
  A redback (shapeshifter) (Vaults:5)
  A water nymph zombie (Crypt:2)
  A spectral cane toad (Gauntlet)
  10 vampire mosquitoes
  Edmund (D:6)
  A glowing shapeshifter zombie (Crypt:2)
  A spectral komodo dragon (Gauntlet)
  A two-headed ogre zombie (Crypt:3)
  2 demonspawn zombies
  An elf skeleton (Vaults:3)
  7 wargs
  An acid dragon (D:11)
  A merfolk zombie (Crypt:1)
  15 hell hounds
  8 black bears
  54 orc warriors
  16 water moccasins
  5 ice beasts
  3 sky beasts
  22 ogres
  13 wolves
  6 boggarts
  6 centaurs
  A phantom (D:6)
  5 kobold brigands
  7 bullfrogs
  2 gnoll sergeants
  3 scorpions
  An earth elemental (Elf:2)
  2 small abominations (Abyss:3)
  A raiju zombie (Crypt:1)
  5 wights
  A water moccasin skeleton (Crypt:3)
  17 killer bees
  8 electric eels
  5 howler monkeys
  5 lava snakes (Lair:5)
  A basilisk zombie (Crypt:2)
  2 jellies
  5 hounds
  2 gnoll boudas (D:7)
  18 orc priests
  4 sleepcaps
  Ijyb (D:5)
  27 orc wizards
  A scorpion zombie (Crypt:2)
  2 iguanas
  A hound zombie (Crypt:1)
  30 mummies
  29 gnolls
  A howler monkey skeleton (Crypt:3)
  9 adders
  4 white imps
  4 ufetubi (D:5)
  An adder zombie (Ossuary)
  A jelly zombie (Crypt:3)
  8 worms
  3 dart slugs
  88 orcs
  8 ball pythons
  3 bats
  5 endoplasms
  2 giant cockroaches (D:4)
  15 hobgoblins
  4 jackals (D:4)
  30 kobolds
  4 quokkas
  A ball python skeleton (Ossuary)
  3 frilled lizards
  A frilled lizard skeleton (Crypt:2)
  15 goblins
  A goblin skeleton (Crypt:3)
  3 hobgoblin skeletons (Ossuary)
  A hobgoblin zombie (Ossuary)
  A kobold skeleton (Crypt:2)
  2 kobold zombies (Ossuary)
  2 orc zombies (Ossuary)
  4 rats
  A ball lightning (Depths:3)
  2 fire vortices (Hell)
  A spectral weapon (Depths:2)
  2 tentacles
2687 creatures vanquished.

Vanquished Creatures (collateral kills)
  Rupert (Orc:2)
  A fire dragon (D:12)
  A two-headed ogre (Orc:2)
  A merfolk avatar (Shoals:4)
  A hell knight (D:15)
  Sonja (Orc:2)
  A freezing wraith (D:15)
  3 trolls (Orc:2)
  A snapping turtle (Shoals:4)
  2 water elementals (Shoals:4)
  2 wargs (Orc:2)
  2 ogres (Orc:2)
17 creatures vanquished.

Vanquished Creatures (others)
  A very ugly thing (Depths:3)
  A deep elf annihilator (Elf:3)
  A green death (Depths:1)
  An ogre mage (Orc:2)
  2 deep elf knights
  A sea snake (Shoals:2)
  A harpy (Shoals:4)
  A deep elf zephyrmancer (Elf:2)
  An orc sorcerer (Elf:1)
  A jumping spider (Spider:2)
  A ynoxinul (Depths:4)
  2 orc warriors (Vaults:5)
  An orc (Bailey)
  A goblin (Bailey)
  2 ball lightnings (Depths:3)
  4 starspawn tentacles (Abyss:3)
  10 tentacles
32 creatures vanquished.

Grand Total: 2736 creatures vanquished

Notes
Turn   | Place    | Note
-------+----------+-------------------------------------------
     0 | D:1      | Joey1 the Minotaur Berserker began the quest for the Orb.
     0 | D:1      | Reached XP level 1. HP: 19/19 MP: 0/0
   191 | D:1      | Reached XP level 2. HP: 27/27 MP: 1/1
   682 | D:2      | Reached skill level 4 in Fighting
   682 | D:2      | Reached XP level 3. HP: 33/33 MP: 2/2
  1182 | D:3      | Identified the +1 pair of gloves of the Falcon {rN+ Dex+2}
  1199 | D:3      | Reached XP level 4. HP: 40/40 MP: 3/3
  1204 | D:3      | Reached skill level 5 in Axes
  1309 | D:3      | Reached ** piety under Trog
  1374 | D:3      | Found a radiant altar of Vehumet.
  1687 | D:3      | Found Varylowa's Book Boutique.
  2063 | D:4      | Noticed an ogre
  2070 | D:4      | Killed an ogre
  2071 | D:4      | Reached skill level 1 in Shields
  2071 | D:4      | Reached XP level 5. HP: 47/47 MP: 4/4
  2433 | D:4      | Found a glowing golden altar of the Shining One.
  2434 | D:4      | Found a shadowy altar of Dithmenos.
  2440 | D:4      | Found an opulent altar of Gozag.
  2441 | D:4      | Found a bloodstained altar of Trog.
  2443 | D:4      | Found a hazy altar of Hepliaklqana.
  2443 | D:4      | Found a shimmering blue altar of Sif Muna.
  2444 | D:4      | Found an ancient bone altar of Kikubaaqudgha.
  2450 | D:4      | Found an ornate altar of the Wu Jian Council.
  2461 | D:4      | Found a sparkling altar of Nemelex Xobeh.
  2518 | D:4      | Found a broken altar of Ashenzari.
  2585 | D:4      | Reached skill level 5 in Fighting
  2585 | D:4      | Reached XP level 6. HP: 55/56 MP: 5/5
  2814 | D:5      | Entered Level 5 of the Dungeon
  2814 | D:5      | Noticed an ice beast
  2815 | D:5      | Found a sand-covered staircase.
  2825 | Ossuary  | Entered an ossuary
  2886 | Ossuary  | Reached *** piety under Trog
  2929 | Ossuary  | Noticed a flying skull
  2929 | Ossuary  | Noticed a wraith
  2940 | Ossuary  | Noticed a flying skull
  2942 | Ossuary  | Noticed a flying skull
  2942 | Ossuary  | Noticed a flying skull
  2963 | Ossuary  | Noticed a flying skull
  3050 | Ossuary  | Noticed a wraith
  3066 | Ossuary  | Killed a wraith
  3067 | Ossuary  | Reached skill level 5 in Armour
  3067 | Ossuary  | Reached XP level 7. HP: 33/61 MP: 6/6
  3240 | Ossuary  | Noticed a wraith
  3255 | Ossuary  | Killed a wraith
  3403 | D:5      | Noticed Ijyb
  3412 | D:5      | Killed Ijyb
  3592 | D:5      | Reached skill level 5 in Shields
  3592 | D:5      | Reached XP level 8. HP: 68/68 MP: 7/7
  3774 | D:5      | Found a staircase to the Ecumenical Temple.
  4049 | D:6      | Reached skill level 10 in Axes
  4123 | D:6      | Noticed Edmund
  4144 | D:6      | Killed Edmund
  4636 | D:6      | Reached XP level 9. HP: 74/74 MP: 8/8
  4729 | D:6      | Reached **** piety under Trog
  5295 | D:7      | Found Ineump's Elemental Accessories.
  5451 | D:7      | Found a runed translucent gate.
  5451 | D:7      | Found a runed translucent gate.
  5451 | D:7      | Found a runed translucent gate.
  5451 | D:7      | Noticed mortress's ghost (novice DrSh)
  5452 | D:7      | Noticed Jeffwins's ghost (novice AtHW)
  5718 | D:7      | Reached skill level 6 in Fighting
  5937 | D:7      | Reached skill level 7 in Fighting
  6245 | D:7      | Reached skill level 8 in Fighting
  6564 | D:7      | Reached XP level 10. HP: 79/90 MP: 9/9
  6830 | D:8      | Identified the "Hatu"
  6858 | D:8      | Reached skill level 9 in Fighting
  6908 | D:8      | HP: 4/91 [centaur (1)]
  6908 | D:8      | HP: 1/91 [hornet (3)]
  7119 | D:8      | Reached ***** piety under Trog
  7143 | D:8      | Noticed Jeremiah
  7175 | D:8      | Killed Jeremiah
  7176 | D:8      | Reached skill level 10 in Fighting
  7176 | D:8      | Reached skill level 1 in Evocations
  7185 | D:8      | Noticed Grum
  7403 | D:8      | Noticed Prince Ribbit
  7408 | D:8      | Killed Prince Ribbit
  7511 | D:8      | Killed Grum
  8129 | D:9      | Noticed a two-headed ogre
  8139 | D:9      | Killed a two-headed ogre
  8255 | D:9      | Reached skill level 15 in Axes
  8385 | D:9      | Noticed a manticore
  8397 | D:9      | Killed a manticore
  8471 | D:9      | Noticed a cyclops
  8471 | D:9      | Noticed a manticore
  8477 | D:9      | Noticed an occultist
  8477 | D:9      | Noticed a two-headed ogre
  8737 | D:9      | Killed an occultist
  8738 | D:9      | Reached skill level 5 in Evocations
  8738 | D:9      | Reached XP level 11. HP: 75/99 MP: 10/10
  9383 | D:9      | Noticed a centaur warrior
  9395 | D:9      | Killed a centaur warrior
  9540 | D:9      | Killed a two-headed ogre
  9955 | D:10     | Entered Level 10 of the Dungeon
 10086 | D:10     | Found a flagged portal.
 10240 | Bailey   | Entered a bailey
 10396 | Bailey   | Noticed an orc sorcerer
 10406 | Bailey   | Killed an orc sorcerer
 10416 | Bailey   | Found an iron altar of Okawaru.
 10416 | Bailey   | Noticed an orc high priest
 10421 | Bailey   | Noticed a soul eater
 10440 | Bailey   | Killed an orc high priest
 10440 | Bailey   | Received a gift from Trog
 11063 | Bailey   | Acquired the ring "Konn" {rElec rF+ Int+6}
 11281 | D:10     | Found a staircase to the Lair.
 11296 | D:10     | Reached XP level 12. HP: 83/108 MP: 11/11
 11491 | D:10     | Found Ilukhloze's Distillery.
 11499 | D:10     | Bought a potion of heal wounds for 60 gold pieces
 11499 | D:10     | Bought a potion of lignification for 36 gold pieces
 11499 | D:10     | Bought a potion of enlightenment for 60 gold pieces
 11499 | D:10     | Bought a potion of lignification for 36 gold pieces
 11499 | D:10     | Bought a potion of curing for 36 gold pieces
 11548 | D:10     | Reached skill level 11 in Fighting
 11613 | D:10     | Noticed Joseph
 11625 | D:10     | Killed Joseph
 11890 | D:10     | Found a sacrificial altar of Ru.
 11935 | D:10     | Noticed Maggie
 11953 | D:10     | Killed Maggie
 12100 | Lair:1   | Entered Level 1 of the Lair of Beasts
 12555 | Lair:1   | Identified the +1 shortbow of Fimbulwinter {drain, rC+}
 13163 | Lair:2   | Noticed a catoblepas
 13187 | Lair:2   | Killed a catoblepas
 13343 | Lair:2   | Reached skill level 12 in Fighting
 13569 | Lair:2   | Noticed Fannar
 13582 | Lair:2   | Killed Fannar
 13822 | Lair:2   | Found a staircase to the Shoals.
 13912 | Lair:2   | Reached ****** piety under Trog
 13923 | Lair:2   | Reached skill level 13 in Fighting
 13931 | Lair:2   | Reached XP level 13. HP: 98/122 MP: 12/12
 14338 | Lair:3   | Found a gate leading to a gauntlet.
 14350 | Lair:3   | Reached skill level 10 in Shields
 14358 | Gauntlet | Entered a Gauntlet
 14358 | Gauntlet | Found a transporter.
 14368 | Gauntlet | Found a transporter.
 14371 | Gauntlet | Found a transporter.
 14373 | Gauntlet | Found a transporter.
 14378 | Gauntlet | Found a runed translucent gate.
 14378 | Gauntlet | Found a runed translucent gate.
 14378 | Gauntlet | Found a runed translucent gate.
 14380 | Gauntlet | Found a transporter.
 14383 | Gauntlet | Found a transporter.
 14384 | Gauntlet | Found a transporter.
 14395 | Gauntlet | Found a transporter.
 14395 | Gauntlet | Found a transporter.
 14396 | Gauntlet | Found a transporter.
 14407 | Gauntlet | Found a transporter.
 14408 | Gauntlet | Found a transporter.
 14409 | Gauntlet | Noticed a cacodemon
 14412 | Gauntlet | Found a runed translucent door.
 14412 | Gauntlet | Found a transporter.
 14412 | Gauntlet | Found a runed translucent door.
 14416 | Gauntlet | Found a transporter.
 14504 | Gauntlet | Noticed an ironbound thunderhulk
 14504 | Gauntlet | Noticed an ironbound thunderhulk
 14931 | Gauntlet | Identified the ring of Wusyxar {rElec EV+5}
 15012 | Gauntlet | Identified the amulet "Ybukku" {Faith rN+}
 15012 | Gauntlet | Noticed a minotaur
 15018 | Gauntlet | Killed a minotaur
 15032 | Lair:3   | Reached skill level 14 in Fighting
 15042 | Lair:3   | Found a hole to the Spider Nest.
 15292 | Lair:3   | Found a runed translucent gate.
 15292 | Lair:3   | Found a runed translucent gate.
 15292 | Lair:3   | Found a runed translucent gate.
 15293 | Lair:3   | Noticed Okacus's ghost (journeyman HuWn)
 15293 | Lair:3   | Noticed Biped's ghost (journeyman KoFi)
 15293 | Lair:3   | Noticed Dinouf's ghost (adept DsFE)
 15293 | Lair:3   | Noticed Xavori's ghost (journeyman VSCK)
 16064 | Lair:4   | Identified the "Xopria"
 16079 | Lair:4   | Received a gift from Trog
 16080 | Lair:4   | Reached skill level 15 in Fighting
 16192 | Lair:4   | Found a viscous altar of Jiyva.
 16192 | Lair:4   | Found a staircase to the Slime Pits.
 16321 | Lair:4   | Identified the +3 falchion "Hauweala" {speed, Int+4}
 17150 | Lair:5   | Entered Level 5 of the Lair of Beasts
 17162 | Lair:5   | Reached XP level 14. HP: 124/135 MP: 13/13
 17397 | Lair:5   | Reached skill level 15 in Shields
 17462 | Lair:5   | Received a gift from Trog
 17685 | Lair:5   | Reached skill level 5 in Dodging
 18199 | Lair:5   | HP: 1/135 [molten gargoyle/+0 mace (6)]
 18751 | Lair:5   | Reached skill level 10 in Armour
 18753 | Lair:5   | Found a large runed translucent door.
 18760 | Lair:5   | Found a large runed translucent door.
 19279 | D:11     | Noticed Josephine
 19291 | D:11     | Killed Josephine
 19399 | D:11     | Found a staircase to the Orcish Mines.
 19407 | D:11     | Received a gift from Trog
 20196 | Orc:1    | Entered Level 1 of the Orcish Mines
 20608 | Orc:2    | Entered Level 2 of the Orcish Mines
 20671 | Orc:2    | Received a gift from Trog
 20674 | Orc:2    | Reached skill level 10 in Evocations
 20689 | Orc:2    | Noticed Sonja
 20691 | Orc:2    | Reached XP level 15. HP: 98/141 MP: 9/14
 20716 | Orc:2    | Killed Sonja
 21228 | Orc:2    | Found Tootsuh's General Store.
 21233 | Orc:2    | Found Suvea's General Store.
 21369 | Orc:2    | Found a staircase to the Elven Halls.
 21372 | Orc:2    | Found Xalyzor's Antique Armour Emporium.
 21373 | Orc:2    | Found Heockyr's Magic Scroll Emporium.
 21375 | Orc:2    | Bought a phial of floods for 480 gold pieces
 21548 | Orc:2    | Bought a scroll of enchant weapon for 105 gold pieces
 21612 | Orc:2    | Noticed Rupert
 21623 | Orc:2    | Killed Rupert
 21624 | Orc:2    | Reached skill level 1 in Throwing
 21644 | Orc:2    | Received a gift from Trog
 21910 | Orc:2    | Bought a scroll of teleportation for 42 gold pieces
 21910 | Orc:2    | Bought 3 scrolls of teleportation for 126 gold pieces
 22330 | D:12     | Reached skill level 5 in Throwing
 22574 | D:12     | Noticed a tengu reaver
 22587 | D:12     | Killed a tengu reaver
 23131 | D:12     | Received a gift from Trog
 23441 | D:13     | Upgraded the game from 0.31-a0-940-gdaa99269f9 to
                  | 0.31-a0-963-ga325b2283a
 24416 | D:14     | Paralysed by a hornet for 2 turns
 24666 | D:14     | Found the brooch of Shielding {Spirit SH+8}
 24803 | D:14     | Reached XP level 16. HP: 80/149 MP: 6/15
 25228 | D:15     | Entered Level 15 of the Dungeon
 25782 | D:15     | Found a staircase to the Depths.
 26114 | Shoals:1 | Entered Level 1 of the Shoals
 26169 | Lair:3   | Killed Xavori's ghost
 26173 | Lair:3   | Killed Dinouf's ghost
 26174 | Lair:3   | Killed Biped's ghost
 26182 | Lair:3   | Killed Okacus's ghost
 26420 | Lair:3   | Identified the ring of Xom's Fair Game {rC+ Will+ Str+6
                  | Stlth+}
 26429 | Lair:3   | Reached XP level 17. HP: 156/156 MP: 16/16
 26685 | D:7      | Killed Jeffwins's ghost
 26685 | D:7      | Received a gift from Trog
 26688 | D:7      | Killed mortress's ghost
 27104 | Shoals:1 | Reached skill level 10 in Dodging
 27399 | Shoals:1 | Identified the +5 orcbow of Victory {flame, Str+3 Dex+3
                  | Stlth+}
 27881 | Shoals:1 | Reached skill level 16 in Fighting
 28155 | Shoals:1 | Noticed Donald
 28167 | Shoals:1 | Killed Donald
 29244 | Shoals:2 | Reached skill level 17 in Fighting
 29468 | Shoals:2 | Found Uxtiafod's Jewellery Shoppe.
 29637 | Shoals:2 | Bought the ring of Owemieg {rElec rPois rF+ Will- Str+6}
                  | for 567 gold pieces
 30032 | Shoals:2 | Noticed a kraken
 30041 | Shoals:2 | Killed a kraken
 30170 | Shoals:2 | Reached skill level 18 in Fighting
 31067 | Shoals:3 | Reached XP level 18. HP: 174/174 MP: 17/17
 31247 | Shoals:3 | Reached skill level 19 in Fighting
 31251 | Shoals:3 | Received a gift from Trog
 31619 | Shoals:3 | Identified the +5 shortbow of Anguish {speed, Dex+4}
 32063 | Spider:1 | Entered Level 1 of the Spider Nest
 32092 | Spider:1 | Identified the serpent talisman of Jianeh Akau {rN+ Int+2
                  | Slay-4}
 32092 | Spider:1 | Noticed Aizul
 32095 | Spider:1 | Noticed Jorgrun
 32104 | Spider:1 | Killed Aizul
 32110 | Spider:1 | Killed Jorgrun
 32321 | Lair:3   | Upgraded the game from 0.31-a0-963-ga325b2283a to
                  | 0.31-a0-968-g24f9ace8b5
 32359 | Spider:1 | Noticed p00ps00p's ghost (adept HOFi)
 32460 | Spider:1 | Noticed Frances
 32479 | Spider:1 | Killed Frances
 32550 | Spider:1 | Found a transporter.
 32551 | Spider:1 | Found a transporter.
 33041 | Spider:2 | Noticed Roxanne
 33069 | Spider:2 | Noticed Azrael
 33085 | Spider:2 | Killed Azrael
 33617 | Spider:2 | Noticed Arachne
 33656 | Spider:2 | Killed Arachne
 34677 | Spider:3 | Identified the +10 executioner's axe "Zionoph" {flame,
                  | rPois Will+} (Trog gifted it to you on level 3 of the
                  | Spider Nest)
 34677 | Spider:3 | Received a gift from Trog
 34786 | Spider:3 | Noticed Agnes
 35297 | Spider:3 | Killed Agnes
 35447 | Spider:3 | Noticed Kirke
 35458 | Spider:3 | Killed Kirke
 35479 | Spider:3 | Upgraded the game from 0.31-a0-968-g24f9ace8b5 to
                  | 0.31-a0-981-geadf994542
 35909 | Spider:4 | Entered Level 4 of the Spider Nest
 36271 | Spider:4 | Received a gift from Trog
 37243 | Spider:4 | Reached XP level 19. HP: 150/183 MP: 14/18
 38063 | Spider:3 | Reached skill level 20 in Fighting
 38063 | Spider:3 | Upgraded the game from 0.31-a0-981-geadf994542 to
                  | 0.31-a0-986-g5e6e4ef867
 38579 | Spider:4 | Got a gossamer rune of Zot
 39126 | Spider:4 | Received a gift from Trog
 40289 | Shoals:4 | Entered Level 4 of the Shoals
 40895 | Shoals:4 | Found Loexy's Armour Shoppe.
 41623 | Shoals:4 | Got a barnacled rune of Zot
 41652 | Shoals:4 | Found the +7 hand cannon "Mule" {flame, backblast, rF+}
 42775 | Shoals:4 | Received a gift from Trog
 43018 | Shoals:4 | Identified the +6 shortbow of the Bruised Runes {drain,
                  | Int+2}
 43894 | D:14     | Reached skill level 15 in Evocations
 43970 | D:14     | Found a gate to the Vaults.
 43992 | Vaults:1 | Identified the "Siepruim"
 43992 | Vaults:1 | Entered Level 1 of the Vaults
 44003 | Vaults:1 | Found a large runed translucent door.
 44003 | Vaults:1 | Found a large runed translucent door.
 44003 | Vaults:1 | Noticed Konionua's ghost (adept KoEn)
 44394 | Vaults:1 | Found Ucysyji's Magic Scroll Boutique.
 44503 | Vaults:1 | Reached skill level 10 in Throwing
 44741 | Vaults:1 | Received a gift from Trog
 45020 | Vaults:1 | Reached XP level 20. HP: 192/195 MP: 19/19
 45489 | Vaults:1 | Reached skill level 21 in Fighting
 46643 | Vaults:2 | Reached skill level 22 in Fighting
 47289 | Vaults:2 | Received a gift from Trog
 47698 | Vaults:2 | You fall into a shaft and drop 1 floor!
 48284 | Vaults:3 | Upgraded the game from 0.31-a0-986-g5e6e4ef867 to
                  | 0.31-a0-1074-g0b22e4e0f1
 48534 | Vaults:3 | Received a gift from Trog
 48910 | Vaults:2 | Found a staircase to the Crypt.
 48910 | Vaults:2 | Found a basalt altar of Yredelemnul.
 48911 | Vaults:2 | Found an ancient bone altar of Kikubaaqudgha.
 49114 | Vaults:2 | Paralysed by a formless jellyfish for 1 turns
 49119 | Vaults:2 | Reached skill level 15 in Armour
 49120 | Vaults:2 | Reached XP level 21. HP: 120/207 MP: 20/20
 50340 | Vaults:4 | Reached skill level 23 in Fighting
 50611 | Vaults:4 | Identified the +6 war axe of the Shore {heavy, rC+} (Trog
                  | gifted it to you on level 4 of the Vaults)
 50611 | Vaults:4 | Received a gift from Trog
 51391 | Vaults:4 | Noticed Jory
 51410 | Vaults:4 | Killed Jory
 51696 | Vaults:4 | Reached skill level 24 in Fighting
 51876 | Vaults:4 | Noticed a golden dragon
 52726 | Elf:1    | Entered Level 1 of the Elven Halls
 52737 | Elf:1    | Paralysed by an air elemental for 1 turns
 53222 | Elf:1    | Received a gift from Trog
 53500 | Elf:1    | You fall into a shaft and drop 1 floor!
 53945 | Elf:2    | Reached skill level 1 in Invocations
 54125 | Elf:2    | Paralysed by an air elemental for 1 turns
 54398 | Elf:2    | Received a gift from Trog
 54470 | Elf:2    | Found Fisac's Antique Weapon Shop.
 54561 | Elf:2    | Reached skill level 5 in Invocations
 54570 | Elf:2    | Found a huge runed translucent gate.
 54570 | Elf:2    | Found a huge runed translucent gate.
 54571 | Elf:2    | Found a huge runed translucent gate.
 54572 | Elf:2    | Found a huge runed translucent gate.
 54580 | Elf:2    | Found a huge runed translucent gate.
 54818 | Elf:2    | Reached XP level 22. HP: 220/222 MP: 24/24
 55443 | Elf:3    | Entered Level 3 of the Elven Halls
 55446 | Elf:3    | Found a radiant altar of Vehumet.
 55666 | Elf:3    | Reached skill level 25 in Fighting
 55764 | Elf:3    | Received a gift from Trog
 56937 | Elf:3    | Identified the amulet of Agnosticism {Reflect -Cast +Blink
                  | Regen+ SH+5}
 57010 | Elf:3    | Received a gift from Trog
 57290 | Elf:3    | Identified the ring "Hacviugi" {*Slow rElec rF+ rC++ rCorr}
 57503 | Elf:3    | Identified the storm talisman of the Devil's Team {Str+3
                  | Int+3 Dex-4}
 57848 | Depths:1 | Entered Level 1 of the Depths
 57902 | Depths:1 | Noticed Bai Suzhen
 57928 | Depths:1 | Killed Bai Suzhen
 58073 | Depths:1 | Identified the +1 scale mail of Eternal Vigilance {MP+9
                  | Int+3}
 58080 | Depths:1 | Found a gateway to Hell.
 58159 | Depths:1 | Noticed Saint Roka
 58189 | Depths:1 | Killed Saint Roka
 58199 | Depths:1 | Received a gift from Trog
 58201 | Depths:1 | Reached skill level 10 in Invocations
 58326 | Depths:1 | Found a hide-covered altar of Uskayaw.
 59005 | Depths:2 | Reached XP level 23. HP: 205/234 MP: 30/30
 59082 | Depths:2 | Found a one-way gateway to a ziggurat.
 59098 | Depths:2 | Noticed Mara
 59105 | Depths:2 | Noticed Joey1's illusion
 59108 | Depths:2 | Killed Mara
 59216 | Depths:2 | Found Sibbou's Jewellery Emporium.
 59217 | Depths:2 | Found Toulitt's Book Boutique.
 59217 | Depths:2 | Found Inimmyv's Book Boutique.
 59288 | Depths:2 | Received a gift from Trog
 59532 | Depths:2 | Found a runed translucent gate.
 59532 | Depths:2 | Found a runed translucent gate.
 59532 | Depths:2 | Found a runed translucent gate.
 59534 | Depths:2 | Noticed Asterion
 59667 | Depths:2 | Found a runed translucent gate.
 59667 | Depths:2 | Found a runed translucent gate.
 59667 | Depths:2 | Found a runed translucent gate.
 59794 | Depths:2 | Found a one-way gate leading to the halls of Pandemonium.
 59838 | Depths:2 | Killed Asterion
 60775 | Depths:2 | Received a gift from Trog
 61026 | Depths:3 | Found a snail-covered altar of Cheibriados.
 61060 | Depths:3 | Found a one-way gate to the infinite horrors of the Abyss.
 61175 | Depths:3 | Found Miudd's Armour Shoppe.
 61205 | Depths:3 | Noticed a caustic shrike
 61217 | Depths:3 | Killed a caustic shrike
 61282 | Depths:3 | Bought a +2 pair of gloves of infusion for 387 gold pieces
 61302 | Depths:3 | Found a transporter.
 61307 | Depths:3 | Noticed yetimobile's ghost (veteran TeHW)
 61307 | Depths:3 | Noticed a caustic shrike
 61319 | Depths:3 | Found a transporter.
 61400 | Depths:3 | Reached skill level 15 in Invocations
 61922 | Depths:3 | Received a gift from Trog
 62182 | Depths:3 | Reached XP level 24. HP: 226/242 MP: 30/34
 62947 | Depths:3 | Noticed an ancient lich
 62960 | Depths:3 | Killed an ancient lich
 63107 | Depths:3 | Received a gift from Trog
 63261 | Depths:3 | Reached XP level 25. HP: 249/249 MP: 35/35
 63287 | Depths:3 | Identified the +1 leather armour of Experimentation {-Cast
                  | Will++ Regen+ Stlth+}
 63445 | Depths:3 | Noticed a juggernaut
 63461 | Depths:3 | Killed a juggernaut
 63864 | Depths:4 | Entered Level 4 of the Depths
 64221 | Depths:4 | Received a gift from Trog
 64418 | Depths:4 | Noticed a juggernaut
 64431 | Depths:4 | Killed a juggernaut
 64658 | Depths:4 | Identified the +1 ring mail "Caap Ped" {rElec rC++ Str+3
                  | Dex-5}
 64851 | Depths:4 | Identified the +1 robe of the Sacrificial Victim {Int+3}
 65161 | Depths:4 | Found a gate to the Realm of Zot.
 65278 | Depths:4 | Identified the +6 hand axe of the Fox {flame, rCorr SInv}
                  | (Trog gifted it to you on level 4 of the Depths)
 65278 | Depths:4 | Received a gift from Trog
 67113 | Spider:1 | Killed p00ps00p's ghost
 67248 | Spider:1 | Acquired the +0 pair of boots of Fisaj {rElec}
 67249 | Spider:1 | Acquired a manual of Armour
 67333 | Spider:2 | Killed Roxanne
 67731 | Vaults:5 | Entered Level 5 of the Vaults
 67749 | Vaults:4 | Reached XP level 26. HP: 203/258 MP: 1/36
 68085 | Vaults:5 | Received a gift from Trog
 68096 | Vaults:5 | Reached skill level 26 in Fighting
 68731 | Vaults:5 | Identified the +5 scale mail of the Orcish Mines {Rampage
                  | Int+2}
 68800 | Vaults:5 | Noticed a dread lich
 68816 | Vaults:5 | Killed a dread lich
 68817 | Vaults:5 | Reached skill level 27 in Fighting
 68844 | Vaults:5 | Got a silver rune of Zot
 68977 | Vaults:5 | Received a gift from Trog
 68994 | Vaults:5 | Identified the +6 mace "Heh Fior" {spect, MP+9 Str+2}
 69874 | Vaults:5 | Identified the amulet "Xizxila" {rElec rN+ Will- Regen+
                  | SInv}
 70578 | Slime:1  | Entered Level 1 of the Pits of Slime
 70760 | Slime:2  | Paralysed by a formless jellyfish for 1 turns
 70766 | Slime:3  | Paralysed by a formless jellyfish for 1 turns
 70769 | Slime:3  | Gained mutation: You occasionally shout uncontrollably at
                  | your foes. [a shining eye]
 70769 | Slime:3  | Paralysed by a formless jellyfish for 1 turns
 70771 | Slime:3  | Gained mutation: You have supernaturally acute eyesight.
                  | (SInv) [a shining eye]
 70773 | Slime:3  | Gained mutation: You are occasionally teleported next to
                  | monsters. [a shining eye]
 70774 | Slime:3  | Paralysed by a formless jellyfish for 1 turns
 70800 | Slime:3  | HP: 13/266 [acid blob (19)]
 70802 | Slime:3  | HP: 2/266 [acid (6)]
 71024 | Slime:5  | Entered Level 5 of the Pits of Slime
 71111 | Slime:5  | Lost mutation: You occasionally shout uncontrollably at
                  | your foes. [potion of mutation]
 71111 | Slime:5  | Lost mutation: You have supernaturally acute eyesight.
                  | (SInv) [potion of mutation]
 71111 | Slime:5  | Lost mutation: You are occasionally teleported next to
                  | monsters. [potion of mutation]
 71111 | Slime:5  | Gained mutation: [Armour fits poorly on your strangely
                  | shaped body.] [potion of mutation]
 71112 | Slime:5  | Lost mutation: [Armour fits poorly on your strangely shaped
                  | body.] [potion of mutation]
 71112 | Slime:5  | Gained mutation: You have large cloven feet. [potion of
                  | mutation]
 71112 | Slime:5  | Gained mutation: You expend magic power (3 MP) to
                  | strengthen your wands. [potion of mutation]
 71112 | Slime:5  | Gained mutation: You have hoof-like feet. [potion of
                  | mutation]
 71112 | Slime:5  | Gained mutation: You are resistant to electric shocks.
                  | (rElec) [potion of mutation]
 71120 | Slime:5  | Received a gift from Trog
 71307 | Slime:5  | Gained mutation: You have hooves in place of feet. [a
                  | shining eye]
 71413 | Slime:5  | Gained mutation: You occasionally lose the ability to drink
                  | potions when taking damage. [a shining eye]
 71415 | Slime:5  | Gained mutation: You are weak. (Str -2) [a shining eye]
 71418 | Slime:5  | Gained mutation: You do not regenerate when monsters are
                  | visible. [a shining eye]
 71423 | Slime:5  | Lost mutation: You have hooves in place of feet. [potion of
                  | mutation]
 71423 | Slime:5  | Lost mutation: You are weak. (Str -2) [potion of mutation]
 71423 | Slime:5  | Lost mutation: You occasionally lose the ability to drink
                  | potions when taking damage. [potion of mutation]
 71423 | Slime:5  | Lost mutation: You have hoof-like feet. [potion of
                  | mutation]
 71424 | Slime:5  | Lost mutation: You have large cloven feet. [potion of
                  | mutation]
 71424 | Slime:5  | Lost mutation: You expend magic power (3 MP) to strengthen
                  | your wands. [potion of mutation]
 71424 | Slime:5  | Lost mutation: You are resistant to electric shocks.
                  | (rElec) [potion of mutation]
 71424 | Slime:5  | Gained mutation: You are partially covered in iridescent
                  | scales. (AC +2) [potion of mutation]
 71424 | Slime:5  | Gained mutation: You are robust. (+10% HP) [potion of
                  | mutation]
 71425 | Slime:5  | Lost mutation: You are robust. (+10% HP) [potion of
                  | mutation]
 71425 | Slime:5  | Lost mutation: You do not regenerate when monsters are
                  | visible. [potion of mutation]
 71425 | Slime:5  | Lost mutation: You are partially covered in iridescent
                  | scales. (AC +2) [potion of mutation]
 71425 | Slime:5  | Gained mutation: You occasionally shout uncontrollably at
                  | your foes. [potion of mutation]
 71425 | Slime:5  | Gained mutation: You are vulnerable to cold. (rC-) [potion
                  | of mutation]
 71425 | Slime:5  | Gained mutation: [Your body sometimes deteriorates upon
                  | taking damage.] [potion of mutation]
 71425 | Slime:5  | Gained mutation: You have supernaturally acute eyesight.
                  | (SInv) [potion of mutation]
 71426 | Slime:5  | Lost mutation: [Your body sometimes deteriorates upon
                  | taking damage.] [potion of mutation]
 71426 | Slime:5  | Lost mutation: You occasionally shout uncontrollably at
                  | your foes. [potion of mutation]
 71426 | Slime:5  | Lost mutation: You have supernaturally acute eyesight.
                  | (SInv) [potion of mutation]
 71426 | Slime:5  | Gained mutation: You are weak. (Str -2) [potion of
                  | mutation]
 71445 | Slime:5  | Noticed the Royal Jelly
 71457 | Slime:5  | Killed the Royal Jelly
 71660 | Slime:5  | Identified the ring of Lesorargh {rN+ Dex+3}
 71906 | Slime:5  | Identified the +4 great mace of the Hugging Hero {freeze,
                  | rElec Int+3}
 72113 | Slime:5  | Identified the staff "Azxais" {Dex+2 Conj}
 72268 | Slime:5  | Got a slimy rune of Zot
 72598 | Slime:5  | Identified the +5 short sword of Zotoipiy {chaos, rF+ Will+
                  | Int+4 Dex+2}
 73004 | Slime:2  | Paralysed by a formless jellyfish for 1 turns
 73020 | Slime:2  | Gained mutation: You occasionally lose the ability to read
                  | scrolls when taking damage. [a shining eye]
 73038 | Lair:4   | Lost mutation: You are weak. (Str -2) [potion of mutation]
 73038 | Lair:4   | Lost mutation: You occasionally lose the ability to read
                  | scrolls when taking damage. [potion of mutation]
 73038 | Lair:4   | Lost mutation: You are vulnerable to cold. (rC-) [potion of
                  | mutation]
 73038 | Lair:4   | Gained mutation: You are robust. (+10% HP) [potion of
                  | mutation]
 74154 | Depths:3 | Reached XP level 27. HP: 119/300 MP: 21/37
 74316 | Depths:3 | Killed yetimobile's ghost
 74332 | Depths:3 | Identified the staff of Bodily Humours {rC+ Int+4 Ice}
 74338 | Depths:3 | Identified the +0 plate armour of Impuvu {-Tele Int+2
                  | Dex+8}
 74349 | Depths:3 | Identified the +1 helmet "Joirim" {+Blink rF+ rN+ Slay-3}
 74694 | Temple   | Entered the Ecumenical Temple
 74770 | D:4      | Fell from the grace of Trog
 74770 | D:4      | Became a worshipper of the Shining One
 75058 | Vaults:2 | Paralysed by a formless jellyfish for 1 turns
 75088 | Crypt:1  | Entered Level 1 of the Crypt
 75209 | Crypt:1  | Reached * piety under the Shining One
 75590 | Orc:2    | Bought a pair of embroidered gloves for 225 gold pieces
 75858 | Crypt:1  | Identified the +0 scale mail of Inaction {rElec Str-3 Dex+5
                  | SInv}
 75913 | Crypt:1  | Reached ** piety under the Shining One
 76430 | Crypt:2  | Reached *** piety under the Shining One
 76607 | Crypt:2  | Reached **** piety under the Shining One
 76669 | Crypt:2  | Identified the +0 trident of Zin's Scorn {chaos, rC+ Int+3}
 77007 | Crypt:2  | Reached ***** piety under the Shining One
 77284 | Crypt:3  | Entered Level 3 of the Crypt
 77692 | Crypt:3  | Reached ****** piety under the Shining One
 77728 | Crypt:3  | Identified a +9 broad axe of holy wrath (a +9 broad axe of
                  | electrocution blessed by the Shining One)
 77728 | Crypt:3  | Received a gift from the Shining One
 77834 | Crypt:3  | Identified the ring of Logy {rF+ rN+ Dex+2}
 77914 | Crypt:3  | Found a basalt altar of Yredelemnul.
 78373 | Crypt:3  | Noticed a dread lich
 78389 | Crypt:3  | Killed a dread lich
 78427 | Crypt:3  | Identified the ring of Vemaweuziu {Fly rN+ Int+5}
 78427 | Crypt:3  | Identified the ring "Owny" {rN+ rCorr Str-3 Dex+3}
 78620 | Crypt:3  | Found a staircase to the Tomb.
 79103 | Hell     | Entered the Vestibule of Hell
 79103 | Hell     | Noticed Geryon
 79140 | Hell     | Killed Geryon
 79728 | Hell     | Found a gateway to the decaying netherworld of Tartarus.
 79785 | Hell     | Found a gateway to the ashen valley of Gehenna.
 79844 | Hell     | Found a gateway to the Iron City of Dis.
 79922 | Hell     | Found a gateway to the freezing wastes of Cocytus.
 80000 | Depths:1 | Upgraded the game from 0.31-a0-1074-g0b22e4e0f1 to
                  | 0.31-a0-1204-ge2c1a860ed
 80504 | Tomb:1   | Entered Level 1 of the Tomb of the Ancients
 80928 | Tomb:1   | Noticed a royal mummy
 80931 | Tomb:1   | Noticed a royal mummy
 80933 | Tomb:1   | Noticed a royal mummy
 80941 | Tomb:1   | Killed a royal mummy
 80942 | Tomb:1   | Killed a royal mummy
 80949 | Tomb:1   | Killed a royal mummy
 81622 | Tomb:2   | Noticed a royal mummy
 81622 | Tomb:2   | Noticed a royal mummy
 81622 | Tomb:2   | Noticed a royal mummy
 81622 | Tomb:2   | Noticed a royal mummy
 81629 | Tomb:2   | Killed a royal mummy
 81631 | Tomb:2   | Killed a royal mummy
 81631 | Tomb:2   | Killed a royal mummy
 81631 | Tomb:2   | Killed a royal mummy
 81735 | Tomb:2   | Noticed a royal mummy
 81737 | Tomb:2   | Noticed Khufu
 81738 | Tomb:2   | Noticed a royal mummy
 82319 | Depths:3 | Voluntarily entered the Abyss.
 82348 | Abyss:2  | Found a corrupted altar of Lugonu.
 82585 | Abyss:3  | Paralysed by accursed screaming for 1 turns
 82586 | Abyss:3  | HP: 14/450 [starcursed mass/accursed screaming (15)]
 82586 | Abyss:3  | Annihilated by a stone giant

Illustrated notes

Levels and vault maps discovered:
D:1:      psy_arrival_whirlpool, layout_loops_ring
D:2:      layout_rooms, minivault_27, glass_columns_c,
          wander_ebering_terrifying_dragon_lair
D:3:      layout_basic, vehumet_altar_wand_db, serial_shops, shop
D:4:      layout_basic, nicolae_overflow_hallway_of_the_gods,
          mainiacjoe_overflow_paths, nicolae_wormholes
D:5:      layout_cave_pools, minmay_temple_entry_glass, enter_ossuary_1,
          uniq_ijyb
D:6:      layout_basic, uniq_edmund
D:7:      minmay_bubble_buster, layout_basic, gammafunk_ghost_cemetery,
          nicolae_concentric_dashed_squares_wild, nicolae_elemental_shop
D:8:      layout_basic, uniq_grum, uniq_jeremiah, uniq_prince_ribbit1
D:9:      minmay_cut_squares, layout_stronghold
D:10:     layout_small_grid, lemuel_doored_altar, lair_entry_dummy,
          enter_bailey_4, serial_shops, shop_fountains,
          chequers_serial_rivers_small_3, kennysheep_generic_room_8,
          uniq_joseph, uniq_maggie
D:11:     layout_roguey, orc_0_dummy, ebering_dispersal_statue_hall,
          uniq_josephine
D:12:     minmay_bad_star, layout_gridville
D:13:     layout_rooms
D:14:     layout_irregular_city, grunt_vaults_entry_fortified,
          kennysheep_nondescript, dreamdust_wasp_nest
D:15:     hangedman_depths_entry_civil_slaughter, layout_rooms
Temple:   compressed_dpeg_circular_temple
Lair:1:   layout_small_grid, beast_lair_carwin_4, infiniplex_staircase_pool
Lair:2:   layout_regular_city, shoals_dummy_entry, serial_bayou_shore_b,
          uniq_fannar
Lair:3:   layout_regular_city, hellmonk_spider_entry_not_the_bees,
          enter_volcano_3, gauntlet_entry_generic, gammafunk_ghost_cemetery,
          portal_ice_cave_demonic_guard, lemuel_fruit_tree
Lair:4:   minmay_lair_venomous_thicket, layout_small_grid, slime_entry_1,
          grunt_megastairs_1
Lair:5:   cheibrodos_lair_end_hotspot, layout_concentric_octagons,
          disabler_island
Shoals:1: cheibrodos_shoals_epimethial_gifts, layout_shoals, uniq_donald
Shoals:2: cheibrodos_shoals_three_sisters, layout_shoals, serial_shops, shop
Shoals:3: layout_shoals, nicolae_shoals_enchanted_isle
Shoals:4: shoals_end_simple, layout_shoals, serial_shops, shop
Spider:1: layout_spider_delve, nzn_ghost_randoct, einodemon_crawler_minivault,
          uniq_frances, uniq_aizul, uniq_jorgrun
Spider:2: layout_chambers, hellmonk_narrow_tunnel, uniq_arachne, uniq_azrael,
          uniq_roxanne
Spider:3: layout_spider_delve, uniq_kirke, uniq_agnes
Spider:4: johnstein_spider_rune_arachne_lair
Slime:1:  layout_caves
Slime:2:  layout_caves, nicolae_slime_barrier
Slime:3:  layout_caves, nicolae_slime_phagocytosis
Slime:4:  layout_caves
Slime:5:  slime_pit_nicolae_inversion
Orc:1:    layout_caves
Orc:2:    st_orc_open, layout_caves, basic_altar, mines5_lemuel, uniq_sonja,
          uniq_rupert
Elf:1:    nicolae_elf_arrival_aired_out, layout_gridlike,
          hangedman_elven_crosses_minicolossus, grunt_megastairs_4
Elf:2:    elven_hall_of_blades_hangedman_alternative
          [nicolae_blade_entry_crossed_weapons], layout_onion_city,
          serial_sigils, serial_sigils_hangedman_snap,
          serial_sigils_hangedman_leer, serial_sigils_hangedman_gut,
          serial_sigils_hangedman_gut, serial_shops,
          nicolae_shop_tiny_waterfront
Elf:3:    grunt_elf_hall_asides, layout_gridlike, basic_altar
Vaults:1: advil_vaults_ghost_guards, v_alt_pattern_4,
          nicolae_vaults_closet_pinwheel_1, nicolae_vaults_little_squares_4,
          v_misc_2, nicolae_vaults_puzzle_piece, v_rooms_2,
          nicolae_vaults_ninety_degrees, grunt_vaults_diagonal, st_lines,
          grunt_vaults_bifocal, v_misc_24, nicolae_vaults_two_Ls,
          layout_vaults_maze_bifur, serial_shops, shop
Vaults:2: vaults_standard_mumra_enter_the_diamond,
          nicolae_vaults_storage_closets_3, v_alt_pattern_4,
          vaults_mumra_minichess, v_rooms_5, minmay_crypt_entry_necro_gods,
          ontoclasm_vaults_decontamination, nicolae_vaults_tetromino_L_2,
          v_misc_9, nicolae_vaults_prndl, v_alt_pattern_1,
          nicolae_vaults_trapezoid_4, vaults_room_hallway,
          layout_vaults_chaotic_city
Vaults:3: v_pattern_2, nicolae_vaults_twisting_passages,
          nicolae_vaults_octothorpe, ontoclasm_vaults_claustrophobia,
          grunt_vaults_trifunnel, nicolae_vaults_storage_room_doors,
          hangedman_vaults_restitches, special_room_vaults [special_room_orc],
          nicolae_vaults_trapezoid_layered, vaults_room_fancy_cross,
          layout_vaults_ring
Vaults:4: nicolae_vaults_network_quinsquares
          [nicolae_vaults_network_quincunx_subvault,
          nicolae_vaults_network_quincunx_subvault,
          nicolae_vaults_network_quincunx_subvault,
          nicolae_vaults_network_quincunx_subvault],
          nicolae_vaults_stepped_doors, v_alt_pattern_1, vaults_room_door_ring,
          vaults_standard_mumra_x, vaults_dpeg_hooks, v_misc_12,
          nicolae_vaults_enemy_cabinets, vaults_room_corners,
          nicolae_vaults_double_plus_1, nicolae_vaults_trapezoid_2,
          nicolae_vaults_shelves_hall, nicolae_vaults_tangram_1,
          layout_vaults_omnicross, uniq_jory
Vaults:5
Crypt:1:  layout_chaotic_city, st_stairs_4
Crypt:2:  layout_misc_corridors, corexii_leaking_fountain
Crypt:3:  david_glass_crypt, layout_gridlike, nicolae_tomb_entry_grand_gallery,
          hangedman_blasphemy, uniq_margery, uniq_grunn
Tomb:1
Tomb:2:   uniq_khufu
Depths:1: layout_basic, grunt_decor_clamped, hell_entry,
          nicolae_uskayaw_en_pointe, uniq_bai_suzhen, uniq_saint_roka
Depths:2: kennysheep_treasure_stockpile, layout_twisted_cross, enter_ziggurat_e,
          minmay_misc_feat_five, grunt_hell_horde, rand_demon_pan_entry_8,
          st_stairs_12, minmay_shop_grove, infiniplex_staircase_pool_2,
          uniq_mara, uniq_asterion
Depths:3: minmay_octagon_city, layout_cave_pools, grunt_pan_entry_in_and_out,
          abyss_entry_glasseish, hell_entry, gammafunk_ghost_berserking_beasts,
          cheibriados_altar_1, serial_shops, shop
Depths:4: grunt_zot_entry_pinwheel, layout_basic, rand_demon_pan_entry_9,
          serial_bayou_shore_b, grunt_hell_entry_dis_mu, minmay_door_square
Hell
Abyss:3:  base: D:14, minivault_19, due_exit_kobolds,
          nicolae_abyss_rune_star_stuff, nicolae_abyss_rune_star_stuff

Skill      XL: |  1  2  3  4  5  6  7  8  9 10 11 12 13 14 15 16 17 18 19 20 21 22 23 24 25 26 27 |
---------------+----------------------------------------------------------------------------------+-----
Axes           | 4 5 6 7 9 12 14 15 17 18 20 22 | 22.0
Fighting       | 4 5 8 10 13 15 18 19 20 22 24 25 27 | 27.0
Armour         | 3 4 5 10 13 15 17 20 25 | 25.0
Shields        | 1 2 3 5 6 9 14 15 20 22 | 22.0
Evocations     | 5 7 8 10 12 15 | 15.0
Dodging        | 5 6 9 10 12 | 12.0
Throwing       | 8 10 | 10.0
Invocations    | 5 10 16 18 20 22 25 | 25.7

Action                     |  1- 3 |  4- 6 |  7- 9 | 10-12 | 13-15 | 16-18 | 19-21 | 22-24 | 25-27 || total
---------------------------+-------+-------+-------+-------+-------+-------+-------+-------+-------++-------
  Melee: Hand axe          |    62 |   162 |   370 |   234 |    47 |       |       |       |       ||   875
         Headbutt          |     7 |    22 |    72 |   127 |   225 |   279 |   481 |   374 |   603 ||  2190
         Punch             |     1 |       |       |       |       |       |       |       |       ||     1
         Broad axe         |       |       |       |   316 |   930 |  1140 |  1592 |  1200 |  1685 ||  6863
         Kick              |       |       |       |       |       |       |       |       |     5 ||     5
  Throw: Javelin           |       |       |       |       |       |       |       |       |     7 ||     7
 Invoke: Berserk           |       |     1 |     4 |     2 |     3 |     3 |       |       |     2 ||    15
         Trog's Hand       |       |       |       |     3 |     4 |     2 |     4 |     1 |     1 ||    15
         Brothers in Arms  |       |       |       |       |     3 |     1 |     1 |       |    15 ||    20
         Cleansing Flame   |       |       |       |       |       |       |       |       |     7 ||     7
         Divine Shield     |       |       |       |       |       |       |       |       |     2 ||     2
         Brand Weapon With |       |       |       |       |       |       |       |       |     1 ||     1
Ability: Evoke Blink       |       |       |       |       |       |       |       |       |     2 ||     2
  Evoke: Phantom mirror    |       |       |       |       |     1 |       |       |       |       ||     1
    Use: Scroll            |       |       |    13 |     5 |    18 |     6 |    10 |    10 |    17 ||    79
         Potion            |       |       |     1 |     3 |     2 |     9 |     3 |     1 |    20 ||    39
 Armour: Animal skin       |     7 |       |       |       |       |       |       |       |       ||     7
         Ring mail         |    26 |     7 |       |       |       |       |       |       |       ||    33
         Chain mail        |       |    99 |   249 |   314 |       |       |       |       |       ||   662
         Plate armour      |       |       |       |   126 |   525 |   640 |   914 |   606 |  1173 ||  3984
         Skin              |       |       |       |       |       |       |       |       |    33 ||    33
  Dodge: Dodged            |    33 |    50 |   132 |   189 |   396 |   354 |   333 |   219 |   526 ||  2232
  Block: Buckler           |       |    11 |    60 |    58 |       |       |       |       |       ||   129
         Kite shield       |       |       |       |   138 |   560 |  1081 |   576 |    53 |  1774 ||  4182
         Reflection        |       |       |       |       |       |       |   128 |    60 |    68 ||   256
         Tower shield      |       |       |       |       |       |       |   898 |  1368 |       ||  2266

Table legend: (Time is in decaauts)
 A = Elapsed time spent in this place.
 B = Non-inter-level travel time spent in this place.
 C = Inter-level travel time spent in this place.
 D = Time resting spent in this place.
 E = Time spent auto-exploring this place.
 F = Levels seen in this place.
 G = Mean time per level.
                   A        B        C        D        E       F      G
               +--------+--------+--------+--------+--------+-----+--------+
         Total |  81547 |  73240 |   8307 |  18628 |  36392 |  60 | 1359.1 |
       Dungeon |  17837 |  15336 |   2501 |   2677 |   9744 |  15 | 1189.1 |
        Temple |     25 |     14 |     11 |      0 |      0 |   1 |   25.0 |
          Lair |   7915 |   6601 |   1314 |   1538 |   4014 |   5 | 1583.0 |
        Shoals |   8270 |   7987 |    283 |   3376 |   2628 |   4 | 2067.5 |
   Spider Nest |   8432 |   7576 |    856 |   2577 |   3044 |   4 | 2108.0 |
    Slime Pits |   2382 |   2372 |     10 |    706 |    621 |   5 |  476.4 |
  Orcish Mines |   1963 |   1646 |    317 |    544 |    695 |   2 |  981.5 |
   Elven Halls |   5064 |   4701 |    363 |    715 |   2355 |   3 | 1688.0 |
        Vaults |  11831 |  10572 |   1259 |   2656 |   5640 |   5 | 2366.2 |
         Crypt |   3751 |   3268 |    483 |    151 |   2477 |   3 | 1250.3 |
          Tomb |   1348 |   1323 |     25 |    410 |    183 |   2 |  674.0 |
        Depths |   9662 |   8805 |    857 |   2469 |   4223 |   4 | 2415.5 |
          Hell |    491 |    470 |     21 |      0 |    207 |   1 |  491.0 |
         Abyss |    248 |    248 |      0 |      0 |      0 |   3 |   82.7 |
       Ossuary |    583 |    583 |      0 |     69 |    361 |   1 |  583.0 |
        Bailey |   1036 |   1036 |      0 |    344 |    195 |   1 | 1036.0 |
      Gauntlet |    701 |    701 |      0 |    393 |      0 |   1 |  701.0 |
               +--------+--------+--------+--------+--------+-----+--------+

Top non-repeatable levels by time:
Depths:3: 3537 daAuts
Vaults:4: 3032 daAuts
Vaults:1: 2957 daAuts
Shoals:4: 2837 daAuts
Depths:2: 2746 daAuts
Spider:3: 2689 daAuts
Spider:4: 2578 daAuts
     D:7: 2519 daAuts
Vaults:2: 2508 daAuts
Shoals:1: 2372 daAuts
    D:14: 2249 daAuts
   Elf:3: 1976 daAuts
  Lair:5: 1973 daAuts
 Slime:5: 1910 daAuts
   Elf:2: 1857 daAuts
